 Dungeon Crawl Stone Soup version 0.25.0-9-g26727b657a (webtiles) character file.

Game seed: 4206281962118761443

35 theswoord the Slasher (level 3, -4/27 HPs)
             Began as a Demonspawn Gladiator on June 16, 2020.
             Slain by Sigmund
             ... wielding a +0 scythe
              (7 damage)
             ... on level 2 of the Dungeon.
             The game lasted 00:00:59 (1205 turns).

theswoord the Slasher (Demonspawn Gladiator)        Turns: 1205, Time: 00:01:00

Health: -4/27      AC:  6    Str: 14    XL:     3   Next: 17%
Magic:  3/3        EV: 12    Int:  9    God:
Gold:   57         SH:  0    Dex: 15    Spells: 2/2 levels left

rFire    . . .     SeeInvis .   a - +0 long sword
rCold    . . .     Gourm    .   (no shield)
rNeg     . . .     Faith    .   b - +0 leather armour
rPois    .         Spirit   .   c - +0 helmet
rElec    .         Reflect  .   (no cloak)
rCorr    .         Harm     .   (no gloves)
MR       .....                  (no boots)
Stlth    ++........             (no amulet)
HPRegen  0.09/turn              (no ring)
MPRegen  0.08/turn              (no ring)

@: flying
A: molten scales 1, nightstalker 1
a: no special abilities


You were on level 2 of the Dungeon.
You were not hungry.

You visited 1 branch of the dungeon, and saw 2 of its levels.

You collected 57 gold pieces.

Inventory:

Hand Weapons
 a - a +0 long sword (weapon)
Missiles
 d - 3 throwing nets (quivered)
Armour
 b - a +0 leather armour (worn)
 c - a +0 helmet (worn)
Jewellery
 m - an uncursed ring of protection from cold {unknown}
Scrolls
 g - a scroll of enchant weapon {unknown}
 h - a scroll of enchant armour {unknown}
 i - a scroll of teleportation {unknown}
 j - 3 scrolls of remove curse {unknown}
Potions
 e - 2 potions of flight
Comestibles
 f - a ration
 l - a chunk of flesh


   Skills:
 - Level 2.0 Fighting
 + Level 3.9 Long Blades
 - Level 1.7 Throwing
 - Level 2.6 Dodging


You had 2 spell levels left.
You didn't know any spells.
Your spell library was empty.

Dungeon Overview and Level Annotations

Branches:
Dungeon (2/15)

Altars:

Annotations:
D:2 Sigmund


Innate Abilities, Weirdness & Mutations

You are partially covered in molten scales. (AC +2)
You are slightly more attuned to the shadows.


Message History

It was a potion of flight.
You feel very buoyant.
You fly up into the air.
It was a potion of curing.
You feel better. Sigmund closely misses you.
You barely miss Sigmund. Sigmund completely misses you.
You barely miss Sigmund. You closely miss Sigmund.
Sigmund casts a spell at you.
You are confused.
Sigmund laughs darkly.
Sigmund closely misses you.
Your leather armour prevents you from hitting Sigmund.
Sigmund hits you with a +0 scythe!
* * * LOW HITPOINT WARNING * * *
You bump into the rock wall.
Sigmund misses you.
You bump into the rock wall.
You bump into the rock wall.
You feel less confused. Sigmund hits you with a +0 scythe!
You die...

#.# .# #.# .#
#.# #.#
#.###..##
#.......#
####.##.# #..#
########$###
#.@@...)...#
#...?<.....##.
#.††..........
#..####)..<###
#.. #.#..# #.#
.##..# #. #
..# #. .# #


You could see Sigmund.

Vanquished Creatures
  An ooze (D:1)
  A dart slug (D:2)
  A leopard gecko (D:1)
  2 ball pythons (D:2)
  5 bats (D:1)
  2 giant cockroaches (D:1)
  2 goblins (D:1)
  4 hobgoblins
  2 frilled lizards (D:1)
  2 kobolds
  6 rats (D:1)
28 creatures vanquished.

Notes
Turn   | Place    | Note
-------+----------+-------------------------------------------
     0 | D:1      | theswoord the Demonspawn Gladiator began the quest for the
                  | Orb.
     0 | D:1      | Reached XP level 1. HP: 16/16 MP: 1/1
   327 | D:1      | Reached skill level 3 in Long Blades
   387 | D:1      | Gained mutation: You are partially covered in molten
                  | scales. (AC +2) [demonic ancestry]
   387 | D:1      | Reached XP level 2. HP: 21/22 MP: 2/2
  1154 | D:2      | Gained mutation: You are slightly more attuned to the
                  | shadows. [demonic ancestry]
  1154 | D:2      | Reached XP level 3. HP: 27/27 MP: 3/3
  1185 | D:2      | Noticed Sigmund
  1205 | D:2      | Slain by Sigmund

Skill      XL: |  1 |
---------------+----+-----
Long Blades    | 3 |  3.9
Fighting       | |  2.0
Throwing       | |  1.7
Dodging        | |  2.6

Action                   || total
-------------------------++-------
Melee: Long sword        ||    61
  Use: Potion            ||     2
  Eat: Chunk             ||     1
Armor: Leather armour    ||    19
Dodge: Dodged            ||    62
       Rpst.: Long sword ||    20

Levels and vault maps discovered:
D:1:      dpeg_arrival_snail, layout_basic, hangedman_decor_points
D:2:      layout_rooms, minmay_hexomino_f4, uniq_sigmund
